 Dungeon Crawl Stone Soup version 0.27-a0-1290-g15d3ce7508 (webtiles) character file.

Game seed: 7410072621447156134

391 Delamore the Poker (level 7, -2/56 HPs)
             Began as a Formicid Fighter on June 15, 2021.
             Splashed by a jelly's acid (9 damage)
             ... on level 4 of the Dungeon.
             The game lasted 00:02:56 (3060 turns).

Delamore the Poker (Formicid Fighter)               Turns: 3060, Time: 00:02:57

Health: -2/56      AC:  4    Str: 23    XL:     7   Next: 8%
Magic:  7/7        EV:  8    Int:  7    God:
Gold:   176        SH:  9    Dex: 10    Spells: 6/6 levels left

rFire    . . .     SeeInvis +   j - +1 whip (elec)
rCold    . . .     Faith    .   c - +0 kite shield
rNeg     . . .     Spirit   .   b - +0 scale mail
rPois    .         Reflect  .   (helmet unavailable)
rElec    .         Harm     .   m - +0 cloak
rCorr    .         Rampage  .   (no gloves)
Will     .....                  (no boots)
Stlth    ..........             (no amulet)
HPRegen  0.18/turn              (no ring)
MPRegen  0.10/turn              (no ring)

@: corroded
A: permanent stasis, dig shafts and tunnels, antennae 3, four strong arms
a: Dig, Shaft Self


You were on level 4 of the Dungeon.
You visited 1 branch of the dungeon, and saw 4 of its levels.

You collected 190 gold pieces.
You spent 14 gold pieces at shops.

Inventory:

Hand Weapons
 a - a +0 trident
 j - a +1 whip of electrocution (weapon)
Missiles
 k - 11 poisoned darts
Armour
 b - a +0 scale mail (worn)
 c - a +0 kite shield (worn)
 m - a +0 cloak (worn)
Jewellery
 n - a ring of fire
Scrolls
 e - 2 scrolls of vulnerability {unknown}
 f - a scroll of silence {unknown}
 g - a scroll of noise
 l - a scroll of identify {unknown}
 o - a scroll of summoning {unknown}
Potions
 d - a potion of might
 h - a potion of flight {unknown}
 i - a potion of lignification {unknown}


   Skills:
 - Level 5.0 Fighting
 * Level 6.1 Polearms
 - Level 3.2 Armour
 - Level 3.6 Shields


You had 6 spell levels left.
You didn't know any spells.
Your spell library was empty.

Dungeon Overview and Level Annotations

Branches:
Dungeon (4/15)
 Temple: D:4-7

Altars:
Hepliaklqana
Uskayaw
Xom
Beogh

Shops:
D:1 ???([


Innate Abilities, Weirdness & Mutations

You cannot be hasted, slowed, berserked, paralysed or teleported.
You can dig through walls and to a lower floor.
You have a pair of large antennae on your head. (SInv)
Your four strong arms can wield two-handed weapons with a shield.


Message History

You are too injured to fight recklessly!
You are too injured to fight recklessly!
You are too injured to fight recklessly!
You are too injured to fight recklessly!
You are too injured to fight recklessly!
You are too injured to fight recklessly!
You are too injured to fight recklessly!
You are too injured to fight recklessly!
You are too injured to fight recklessly!
You are too injured to fight recklessly!
You are too injured to fight recklessly!
You are too injured to fight recklessly!
You are too injured to fight recklessly!
You hit the jelly but do no damage.
Your hands burn!
The jelly is severely wounded.
You block the jelly's attack.
Your shield and scale mail prevent you from hitting the jelly.
The jelly is severely wounded.
You block the jelly's attack.
You hit the jelly but do no damage.
Your hands burn!
The jelly is severely wounded.
You block the jelly's attack. The jelly hits you but does no damage.
You completely miss the jelly.
The jelly is severely wounded.
You block the jelly's attack.
You hit the jelly.
Your hands burn!
The jelly is almost dead.
The jelly hits you.
You are splashed with acid!
* * * LOW HITPOINT WARNING * * *
You hit the jelly but do no damage.
Your hands burn!
* * * LOW HITPOINT WARNING * * *
The jelly is almost dead.
You block the jelly's attack.
You hit the jelly.
Your hands burn!
* * * LOW HITPOINT WARNING * * *
The jelly is almost dead.
The jelly hits you.
* * * LOW HITPOINT WARNING * * *
You are splashed with acid!
You die...

....# #.#.. .#
#.#.###.# .##
#....##.# #?..
#....##^#
#.#..#....##.#
#............##
#..J@......#
#..........#
#.......##..#
.../###.......#
)## #...#.#.#
#####...#
####..##
#..)..# #.##..#


You could see a jelly.

Vanquished Creatures
  A necrophage (D:4)
  An ogre (D:4)
  A scorpion (D:3)
  Jessica (D:2)
  7 adders
  A dart slug (D:1)
  3 orcs (D:2)
  A ball python (D:1)
  9 endoplasms
  4 giant cockroaches
  7 goblins
  6 hobgoblins
  9 kobolds
  A quokka (D:1)
  11 bats
  2 frilled lizards (D:1)
  3 rats (D:2)
68 creatures vanquished.

Vanquished Creatures (others)
  A plant (D:3)
1 creature vanquished.

Grand Total: 69 creatures vanquished

Notes
Turn   | Place    | Note
-------+----------+-------------------------------------------
     0 | D:1      | Delamore the Formicid Fighter began the quest for the Orb.
     0 | D:1      | Reached XP level 1. HP: 18/18 MP: 1/1
   196 | D:1      | Found Jisesch's Antique Armour Boutique.
   200 | D:1      | Found Qytiuv's Magic Scroll Boutique.
   204 | D:1      | Reached XP level 2. HP: 24/24 MP: 2/2
   276 | D:1      | Found Imetruv's Antique Weapon Shoppe.
   691 | D:1      | Reached XP level 3. HP: 28/30 MP: 3/3
   801 | D:1      | Reached skill level 3 in Polearms
   883 | D:1      | Found Gext's Magic Scroll Emporium.
   886 | D:1      | Found Yqukaom's Magic Scroll Emporium.
   894 | D:1      | Bought a scroll of noise for 14 gold pieces
   953 | D:2      | Noticed Jessica
   965 | D:2      | Reached XP level 4. HP: 17/37 MP: 4/4
  1150 | D:2      | Killed Jessica
  1391 | D:2      | Reached skill level 4 in Polearms
  1418 | D:2      | Reached XP level 5. HP: 23/42 MP: 5/5
  1977 | D:2      | Found a faded altar of an unknown god.
  2333 | D:3      | Found a hazy altar of Hepliaklqana.
  2406 | D:3      | Reached XP level 6. HP: 46/50 MP: 6/6
  2432 | D:3      | Found a hide-covered altar of Uskayaw.
  2608 | D:3      | Reached skill level 5 in Polearms
  2692 | D:3      | Found a shimmering altar of Xom.
  2878 | D:4      | Noticed an ogre
  2882 | D:4      | Killed an ogre
  2883 | D:4      | Reached skill level 5 in Fighting
  3036 | D:4      | Noticed a necrophage
  3049 | D:4      | Killed a necrophage
  3050 | D:4      | Reached skill level 6 in Polearms
  3050 | D:4      | Reached XP level 7. HP: 34/56 MP: 7/7
  3060 | D:4      | Splashed by a jelly's acid

Illustrated notes

Levels and vault maps discovered:
D:1:      psy_arrival_radial01, layout_basic, serial_shops, shop, shop, shop,
          nicolae_shop_crystal, nicolae_shop_window_shopping
D:2:      layout_rooms, hellmonk_ecumenical_altar_defaced_shrine,
          minmay_tree_intersection, uniq_jessica
D:3:      layout_rooms, nicolae_overflow_crystal_walls, amcnicky_altar_gilded,
          nicolae_hepliaklqana_hazy_memory, minmay_misc_feat_enclosed
D:4:      layout_loops_ring, minmay_temple_entry_junction, minmay_starry_boxes,
          uniq_robin

Skill      XL: |  1  2  3  4  5  6 |
---------------+-------------------+-----
Polearms       | 3 4 6 |  6.1
Fighting       | 4 5 |  5.0
Armour         | |  3.2
Shields        | |  3.6

Action                   |  1- 3 |  4- 6 |  7- 9 || total
-------------------------+-------+-------+-------++-------
Melee: Trident           |    96 |    22 |       ||   118
       Whip              |       |   125 |    11 ||   136
 Abil: Dig               |     1 |     4 |       ||     5
Armor: Scale mail        |    45 |    64 |     2 ||   111
Dodge: Dodged            |    37 |    57 |     2 ||    96
Block: Kite shield       |    56 |    99 |     7 ||   162

Table legend: (Time is in decaauts)
 A = Elapsed time spent in this place.
 B = Non-inter-level travel time spent in this place.
 C = Inter-level travel time spent in this place.
 D = Time resting spent in this place.
 E = Time spent auto-exploring this place.
 F = Levels seen in this place.
 G = Mean time per level.
                   A        B        C        D        E       F      G
               +--------+--------+--------+--------+--------+-----+--------+
         Total |   3139 |   3062 |     77 |    645 |   1873 |   4 |  784.8 |
       Dungeon |   3139 |   3062 |     77 |    645 |   1873 |   4 |  784.8 |
               +--------+--------+--------+--------+--------+-----+--------+

Top non-repeatable levels by time:
     D:1: 1113 daAuts
     D:2: 1108 daAuts
     D:3: 726 daAuts
     D:4: 191 daAuts
